 Dungeon Crawl Stone Soup version 0.25-a0-589-g1e14c549ee (webtiles) character file.

Game seed: 3262681764504118664, levelgen mode: deterministic

124 Esekla the Ducker (level 4, -4/21 HPs)
             Began as a Spriggan Artificer on Mar 12, 2020.
             Killed from afar by an orc wizard (9 damage)
             ... with a magic dart
             ... on level 3 of the Dungeon.
             The game lasted 00:20:29 (5644 turns).

Esekla the Ducker (Spriggan Artificer)              Turns: 5644, Time: 00:20:30

Health: -4/21      AC:  2    Str:  8    XL:     4   Next: 81%
Magic:  8/8        EV: 20    Int: 13    God:
Gold:   160        SH:  0    Dex: 16    Spells: 6/6 levels left

rFire    . . .     SeeInvis +   a - +0 short sword
rCold    . . .     Gourm    .   (shield restricted)
rNeg     . . .     Faith    .   b - +0 robe
rPois    +         Spirit   .   (helmet restricted)
rElec    .         Reflect  .   (no cloak)
rCorr    .         Harm     .   (gloves unavailable)
MR       .....                  (boots unavailable)
Stlth    ++........             j - amulet of the acrobat
HPRegen  0.07/turn              v - ring of poison resistance
MPRegen  0.11/turn              (no ring)

@: very quick
A: very small, unfitting armour, see invisible, herbivore, speed 3, slow
metabolism 2
a: no special abilities


You were on level 3 of the Dungeon.
You were not hungry.

You visited 1 branch of the dungeon, and saw 4 of its levels.

You collected 160 gold pieces.

Inventory:

Hand Weapons
 a - a +0 short sword (weapon)
Armour
 b - a +0 robe (worn)
Jewellery
 j - an amulet of the acrobat (around neck)
 v - a ring of poison resistance (left hand)
Wands
 c - a wand of flame (15)
 d - a wand of acid (8)
 e - a wand of random effects (13)
Scrolls
 h - a scroll of enchant armour {unknown}
 i - a scroll of remove curse {unknown}
 k - a scroll of fear {unknown}
 l - 2 scrolls of amnesia {unknown}
 q - 4 scrolls of fog {unknown}
 r - 3 scrolls of teleportation {unknown}
 t - a scroll of noise {unknown}
Potions
 g - 3 potions of heal wounds
 m - a potion of cancellation
 n - 2 potions of lignification
 p - a potion of might {unknown}
 s - a potion of flight
 u - a potion of curing
Comestibles
 f - 5 rations


   Skills:
 - Level 0.7 Fighting
 * Level 3.3 Short Blades
 * Level 5.0 Dodging
 + Level 2.3 Stealth
 * Level 1.8 Spellcasting
 - Level 4.0 Evocations


You had 6 spell levels left.
You didn't know any spells.
Your spell library was empty.

Dungeon Overview and Level Annotations

Branches:
Dungeon (4/15)
 Temple: D:4-7

Altars:

Annotations:
D:2 Crazy Yiuf
D:3 Grinder
D:4 Eustachio


Innate Abilities, Weirdness & Mutations

You are very small and have problems with some larger weapons.
You are too small for most types of armour.
You have supernaturally acute eyesight. (SInv)
You are a herbivore.
You cover ground extremely quickly.
You need to consume almost no food.


Message History

The orc wizard is almost dead.
The orc wizard misses you.
You miss the orc wizard.
The orc wizard is almost dead.
The orc wizard gestures wildly while chanting.
The orc wizard seems to speed up.
You closely miss the orc wizard.
The orc wizard is almost dead.
The orc wizard points at you and mumbles some strange words.
You easily resist.
The orc wizard closely misses you.
You closely miss the orc wizard.
The orc wizard is almost dead.
The orc wizard hits you with a +0 dagger.
* * * LOW HITPOINT WARNING * * *
You barely miss the orc wizard.
The orc wizard is almost dead.
The orc wizard closely misses you.
The orc wizard gestures at you while chanting.
The magic dart hits you!
You die...

.###.#.># #.#
.###.#..# #>#
...#.#..# #.#
.....#..# #.#
........# #.#
........# #.#
...##.### #.#
##.##)###########o#
##.##...........@.#
##.################
##......# #######.#
# #.# # #.# # #.#
#.# #.#


You could see an orc wizard.

Vanquished Creatures
  A worker ant (D:1)
  2 adders (D:2)
  A gnoll (D:1)
  2 worms
  2 dart slugs (D:1)
  5 leopard geckos
  4 bats
  3 giant cockroaches
  8 goblins
  6 hobgoblins (D:1)
  7 jackals
  2 frilled lizards
  6 kobolds
  3 rats
52 creatures vanquished.

Notes
Turn   | Place    | Note
-------+----------+-------------------------------------------
     0 | D:1      | Esekla the Spriggan Artificer began the quest for the Orb.
     0 | D:1      | Reached XP level 1. HP: 9/9 MP: 4/4
   342 | D:1      | Reached XP level 2. HP: 5/14 MP: 6/6
   712 | D:2      | Found a runed translucent door.
   713 | D:2      | Noticed Crazy Yiuf
   730 | D:2      | Reached skill level 1 in Spellcasting
   812 | D:2      | Reached skill level 4 in Dodging
  1293 | D:2      | Reached XP level 3. HP: 13/17 MP: 7/7
  2012 | D:3      | Noticed Grinder
  2806 | D:3      | Paralysed by Grinder for 4 turns
  3104 | D:2      | Reached XP level 4. HP: 10/21 MP: 8/8
  4816 | D:1      | Reached skill level 5 in Dodging
  5358 | D:4      | Noticed Eustachio
  5644 | D:3      | Killed from afar by an orc wizard

Levels and vault maps discovered:
D:1:      giann_horns, layout_loops_ring, minmay_misc_feat_roman,
          minmay_tetromino_l4
D:2:      layout_loops_ring, uniq_crazy_yiuf_cottage
D:3:      layout_loops_ring, uniq_grinder
D:4:      layout_rooms, amethyst_overflow_temple_binary, serial_shops,
          nicolae_shop_statue_plus, first_ration, uniq_menkaure, uniq_natasha,
          uniq_eustachio, uniq_ijyb

Skill      XL: |  1  2  3  4 |
---------------+-------------+-----
Spellcasting   | 1 |  1.8
Dodging        | 4 5 |  5.0
Short Blades   | 2 3 |  3.3
Stealth        | 2 |  2.3
Fighting       | |  0.7
Evocations     | |  4.0

Action                   |  1- 3 |  4- 6 || total
-------------------------+-------+-------++-------
Melee: Short sword       |   181 |   119 ||   300
Evoke: Wand              |       |     2 ||     2
  Use: Scroll            |       |     5 ||     5
 Stab: Sleeping          |     7 |     1 ||     8
  Eat: Ration            |       |     2 ||     2
Armor: Robe              |     9 |     3 ||    12
Dodge: Dodged            |   140 |    90 ||   230

Table legend:
 A = Non-vault XP
 B = Vault XP
 C = Vault XP percentage of total XP
 D = Non-vault monster count
 E = Vault monster count
 F = Vault count percentage of total count
                 A         B        C        D         E       F
            +---------+---------+-------+---------+---------+-------
      Total |     158 |      20 |  11.2 |      48 |       4 |   7.7
            +---------+---------+-------+---------+---------+-------
        D:1 |      75 |      20 |  21.1 |      21 |       4 |  16.0
        D:2 |      67 |       0 |   0.0 |      20 |       0 |   0.0
        D:3 |      14 |       0 |   0.0 |       6 |       0 |   0.0
        D:4 |       2 |       0 |   0.0 |       1 |       0 |   0.0
            +---------+---------+-------+---------+---------+-------
